 Dungeon Crawl Stone Soup version 0.29.1-2-gbd0b4ee654 (webtiles) character file.

Game seed: 18299079977322148114

11 xian the Sneak (level 2, 0/24 HPs)
             Began as a Demonspawn Delver on Oct 27, 2022.
             Slain by an adder (1 damage)
             ... on level 4 of the Dungeon.
             The game lasted 00:01:21 (109 turns).

xian the Sneak (Demonspawn Delver)                   Turns: 109, Time: 00:01:21

Health: 0/24       AC:  3    Str: 12    XL:     2   Next: 17%
Magic:  2/2        EV: 11    Int: 11    God:
Gold:   0          SH:  0    Dex: 14    Spells: 1/1 levels left

rFire   . . .      SeeInvis .   a - +0 short sword
rCold   . . .      Faith    .   (no shield)
rNeg    . . .      Spirit   .   b - +0 leather armour
rPois   .          Reflect  .   (no helmet)
rElec   .          Harm     .   (no cloak)
rCorr   .          Rampage  .   (no gloves)
Will    .....                   (no boots)
Stlth   +++.......              (no amulet)
HPRegen 0.08/turn               (no ring)
MPRegen 0.16/turn               (no ring)

@: hasted, very quick
A: magic regeneration
a: no special abilities


You were on level 4 of the Dungeon.
You visited 1 branch of the dungeon, and saw 2 of its levels.

Inventory:

Hand Weapons
 a - a +0 short sword (weapon)
Armour
 b - a +0 leather armour (worn)
Wands
 g - a wand of digging (3)


   Skills:
 + Level 3.1 Fighting
 + Level 1.8 Short Blades
 + Level 1.8 Dodging
 + Level 4.9 Stealth


You had one spell level left.
You didn't know any spells.
Your spell library contained the following spells:

 Spells                   Type           Power      Damage    Failure   Level
 Conjure Flame            Conj/Fire      0%         6-21      80%         3
 Ignite Poison            Fire/Tmut/Pois 0%         N/A       80%         3
 Sticky Flame             Conj/Fire      0%         2d3       99%         4


Dungeon Overview and Level Annotations

Branches:
Dungeon (5/15)             Temple (0/1) D:4

Altars:


Innate Abilities, Weirdness & Mutations

You regenerate magic rapidly.


Message History

The adder barely misses you.
You climb upwards.
There is a stone staircase leading down here.
You miss the adder. The adder barely misses you. The adder closely misses you.
You hit the adder.
The adder is lightly wounded.
The adder bites you.
* * * LOW HITPOINT WARNING * * *
A jelly comes into view.
The adder attacks as you move away! The adder misses you.
The adder attacks as you move away! The adder bites you but does no damage.
The adder barely misses you.
A jackal comes into view.
The jackal barks!
The adder bites you.
* * * LOW HITPOINT WARNING * * *
The adder bites you but does no damage.
As you read the scroll of fog, it crumbles to dust.
The scroll dissolves into smoke.
The adder barely misses you. The adder bites you but does no damage.
You open the door.
A ball python comes into view.
The adder closely misses you.
Found a staircase to the Ecumenical Temple.
The adder bites you.
* * * LOW HITPOINT WARNING * * *
The jackal completely misses you.
The ball python hisses angrily.
There is an open door here.
The adder attacks as you move away! The adder bites you but does no damage.
The ball python bites you.
* * * LOW HITPOINT WARNING * * *
The ball python closely misses you. The adder barely misses you.
The adder bites you but does no damage. The ball python barely misses you.
The ball python misses you. The adder attacks as you move away!
The adder bites you.
* * * LOW HITPOINT WARNING * * *
The adder barely misses you.
You feel yourself speed up. The adder barely misses you. The adder bites you.
You die...

#.#
..###+###
#.#.@...#
#h#S#+#.#
#.+h#>#.+
#.#S###.#
#§#.J...#
#§###'###
#§§§§.#
#§§§§##
#§§§##


You could see a jelly (wandering), an adder, a jackal and a ball python.

Vanquished Creatures
  An adder (D:5)
  2 jackals (D:5)
3 creatures vanquished.

Notes
Turn   | Place    | Note
-------+----------+-------------------------------------------
     0 | D:5      | xian the Demonspawn Delver began the quest for the Orb.
     0 | D:5      | Reached XP level 1. HP: 18/18 MP: 1/1
    11 | D:5      | Gained mutation: You regenerate magic rapidly. [demonic
                  | ancestry]
    11 | D:5      | Reached XP level 2. HP: 24/24 MP: 2/2
   101 | D:4      | Found a staircase to the Ecumenical Temple.
   106 | D:4      | HP: 1/24 [adder (4)]
   109 | D:4      | Slain by an adder

Illustrated notes

Levels and vault maps discovered:
D:4:      layout_loops_ring, mainiacjoe_overflow_alcove_1,
          minmay_temple_entry_glassed_door, biasface_ghost_orc_armoury,
          uniq_ijyb
D:5:      layout_rooms, kennysheep_mini, minmay_misc_feat_nine_boxes

Action                   || total
-------------------------++-------
Melee: Short sword       ||    11
  Use: Scroll            ||     3
       Potion            ||     1
 Stab: Sleeping          ||     1
Armor: Leather armour    ||     9
Dodge: Dodged            ||    32
